 Dungeon Crawl Stone Soup version 0.21.1-1-g345015fe64 (webtiles) character file.

1114 Freyura the Shield-Bearer (level 8, 0/67 HPs)
             Began as a Gnoll Fighter on May 18, 2018.
             Slain by an orc warrior
             ... wielding a cursed -1 glaive
              (10 damage)
             ... on level 6 of the Dungeon.
             The game lasted 00:13:57 (4831 turns).

Freyura the Shield-Bearer (Gnoll Fighter)           Turns: 4831, Time: 00:13:58

Health: 0/67       AC: 10    Str: 24      XL:     8   Next: 34%
Magic:  12/12      EV: 10    Int: 10      God:
Gold:   280        SH: 11    Dex: 15 (17) Spells: 13/13 levels left

rFire    . . .     SeeInvis .   o - +3 whip
rCold    . . .     Gourm    .   c - +0 shield
rNeg     . . .     Faith    .   b - +0 scale mail
rPois    .         Spirit   .   (no helmet)
rElec    .         Reflect  .   y - +0 cloak
rCorr    +         Harm     .   h - +0 pair of gloves
MR       .....                  (no boots)
Stlth    +.........             (no amulet)
HPRegen  0.21/turn              m - ring of resist corrosion
MPRegen  0.13/turn              (no ring)

@: mighty
A: distributed training, fangs 1, strong nose
a: no special abilities


You were on level 6 of the Dungeon.
You were not hungry.

You visited 2 branches of the dungeon, and saw 7 of its levels.

You collected 280 gold pieces.

Inventory:

Hand Weapons
 a - a +0 flail
 o - a +3 whip (weapon)
Armour
 b - a +0 scale mail (worn)
 c - a +0 shield (worn)
 h - a +0 pair of gloves (worn)
 p - a +0 chain mail
 y - a +0 cloak (worn)
Jewellery
 m - a ring of resist corrosion (left hand)
Wands
 u - a wand of random effects (16)
Scrolls
 g - a scroll of fog {unknown}
 k - a scroll of noise {unknown}
 l - 3 scrolls of identify
 q - a scroll of amnesia {unknown}
 s - a scroll of enchant armour {unknown}
 v - a scroll of fear {unknown}
 w - 2 scrolls of remove curse {unknown}
 x - 5 scrolls of teleportation {unknown}
 A - a scroll of vulnerability {unknown}
 B - a scroll of enchant weapon {unknown}
Potions
 e - 4 potions of curing
 i - a potion of haste
 j - 6 potions of brilliance {unknown}
 n - a potion of magic {unknown}
 r - a potion of agility {unknown}
 t - 2 potions of flight {unknown}
 z - a potion of resistance {unknown}
Comestibles
 f - 6 rations


   Skills:
 + Level 7.3 Fighting
 + Level 3.1 Short Blades
 + Level 3.1 Long Blades
 + Level 3.1 Axes
 + Level 5.6 Maces & Flails
 + Level 3.1 Polearms
 + Level 3.1 Staves
 + Level 3.1 Slings
 + Level 3.1 Bows
 + Level 3.1 Crossbows
 + Level 3.1 Throwing
 + Level 7.3 Armour
 + Level 3.1 Dodging
 + Level 3.1 Stealth
 + Level 7.3 Shields
 + Level 3.1 Unarmed Combat
 + Level 3.1 Spellcasting
 + Level 2.5 Conjurations
 + Level 2.5 Hexes
 + Level 2.5 Charms
 + Level 2.5 Summonings
 + Level 2.5 Necromancy
 + Level 2.5 Translocations
 + Level 2.5 Transmutations
 + Level 2.5 Fire Magic
 + Level 2.5 Ice Magic
 + Level 2.5 Air Magic
 + Level 2.5 Earth Magic
 + Level 2.5 Poison Magic
 + Level 3.4 Invocations
 + Level 3.1 Evocations


You had 13 spell levels left.
You didn't know any spells.

Dungeon Overview and Level Annotations

Branches:
Dungeon (6/15)             Temple (1/1) D:5

Altars:
Cheibriados
Elyvilon
Fedhas
Kikubaaqudgha
Makhleb
Ru
Sif Muna
Trog
Uskayaw
Wu Jian
Xom
Yredelemnul
Zin
The Shining One
Lugonu


Innate Abilities, Weirdness & Mutations

Your experience applies equally to all skills.
You have very sharp teeth.
Your uncanny sense of smell can sniff out nearby items.


Message History

Beogh smites you!
* * * LOW HITPOINT WARNING * * *
You hit the orc priest.
The orc priest is almost dead.
You barely miss the orc priest.
You kill the orc priest!
You hit the orc. Your bite misses the orc.
The orc is almost dead.
You whack the orc!
You kill the orc!
Items here: )))) [[ †† You start resting.
An orc warrior comes into view. It is wielding a glaive.
Your extra speed is starting to run out.
The orc warrior shouts!
Items here: )))) [[ †† You closely miss the orc warrior.
You feel yourself slow down. The orc warrior hits you with a glaive!
You die...

........# #.#.###
#.#####.############.....#
#.#
#.............#.###.####
.(# ##.##########...#
#....# #.#####.#
###.###.##.# #.#...#.#
#####.....##.# #.......#
#.......####.# ##......#
#.###.### #.# #...<..#
##@###.# #.# ##.........
#)o.##.# ..#
#..<............##.. ...
#..##.###.###....... ...
....>... . ###.#....
#...##... .#....# #...#
##. .# ...# .# .... .# ..#


You could see an orc warrior.

Vanquished Creatures
  A hippogriff (D:3)
  Edmund (D:5)
  An ice beast (D:3)
  An ogre (D:4)
  A bullfrog (D:4)
  2 crimson imps (D:5)
  A bullfrog zombie (D:5)
  A quasit (D:6)
  3 orc priests (D:6)
  A centaur skeleton (D:5)
  A gnoll shaman (D:4)
  3 worker ants (D:4)
  A howler monkey skeleton (D:5)
  2 adders
  12 gnolls
  A shadow imp (D:5)
  2 adder skeletons
  A worm (D:2)
  2 dart slugs (D:4)
  2 leopard geckos
  5 orcs
  6 bats
  3 giant cockroaches
  6 goblins
  6 hobgoblins
  4 jackals (D:2)
  3 quokkas
  3 frilled lizards
  8 kobolds
  15 rats
99 creatures vanquished.

Notes
Turn   | Place    | Note
-------+----------+-------------------------------------------
     0 | D:1      | Freyura the Gnoll Fighter began the quest for the Orb.
     0 | D:1      | Reached XP level 1. HP: 23/23 MP: 1/1
    45 | D:1      | Reached XP level 2. HP: 29/29 MP: 2/2
   135 | D:1      | Reached XP level 3. HP: 28/35 MP: 3/3
   551 | D:2      | Reached skill level 1 in Invocations
   609 | D:2      | Reached skill level 1 in Short Blades
   609 | D:2      | Reached skill level 1 in Long Blades
   609 | D:2      | Reached skill level 1 in Axes
   609 | D:2      | Reached skill level 1 in Polearms
   609 | D:2      | Reached skill level 1 in Staves
   609 | D:2      | Reached skill level 1 in Slings
   609 | D:2      | Reached skill level 1 in Bows
   609 | D:2      | Reached skill level 1 in Crossbows
   609 | D:2      | Reached skill level 1 in Throwing
   609 | D:2      | Reached skill level 1 in Dodging
   609 | D:2      | Reached skill level 1 in Stealth
   609 | D:2      | Reached skill level 1 in Unarmed Combat
   609 | D:2      | Reached skill level 1 in Spellcasting
   609 | D:2      | Reached skill level 1 in Evocations
   658 | D:2      | Found a deep blue altar of Sif Muna.
   710 | D:2      | Reached XP level 4. HP: 29/41 MP: 5/5
  1339 | D:3      | Found a glowing silver altar of Zin.
  1395 | D:3      | Noticed an ice beast
  1405 | D:3      | Killed an ice beast
  1405 | D:3      | Reached skill level 1 in Conjurations
  1405 | D:3      | Reached skill level 1 in Hexes
  1405 | D:3      | Reached skill level 1 in Charms
  1405 | D:3      | Reached skill level 1 in Summonings
  1405 | D:3      | Reached skill level 1 in Necromancy
  1405 | D:3      | Reached skill level 1 in Translocations
  1405 | D:3      | Reached skill level 1 in Transmutations
  1405 | D:3      | Reached skill level 1 in Fire Magic
  1405 | D:3      | Reached skill level 1 in Ice Magic
  1405 | D:3      | Reached skill level 1 in Air Magic
  1405 | D:3      | Reached skill level 1 in Earth Magic
  1405 | D:3      | Reached skill level 1 in Poison Magic
  1405 | D:3      | Reached XP level 5. HP: 47/47 MP: 5/7
  1423 | D:3      | Found a shimmering altar of Xom.
  1926 | D:3      | Noticed a hippogriff
  1943 | D:3      | Killed a hippogriff
  1943 | D:3      | Reached skill level 5 in Maces & Flails
  1943 | D:3      | Reached XP level 6. HP: 53/53 MP: 7/9
  2315 | D:4      | Reached XP level 7. HP: 55/59 MP: 10/10
  2429 | D:4      | Found a bloodstained altar of Trog.
  2984 | D:4      | Found a snail-covered altar of Cheibriados.
  3038 | D:4      | Found a glowing golden altar of the Shining One.
  3156 | D:5      | Entered Level 5 of the Dungeon
  3172 | D:5      | Noticed Edmund
  3192 | D:5      | Killed Edmund
  3437 | D:5      | Reached XP level 8. HP: 67/67 MP: 12/12
  3685 | D:5      | Found a staircase to the Ecumenical Temple.
  3697 | Temple   | Entered the Ecumenical Temple
  4076 | D:5      | Found an ancient bone altar of Kikubaaqudgha.
  4831 | D:6      | Slain by an orc warrior

Skill      XL: |  1  2  3  4  5  6  7  8 |
---------------+-------------------------+-----
Invocations    | 1 2 3 |  3.4
Short Blades   | 1 2 3 |  3.1
Long Blades    | 1 2 3 |  3.1
Axes           | 1 2 3 |  3.1
Polearms       | 1 2 3 |  3.1
Staves         | 1 2 3 |  3.1
Slings         | 1 2 3 |  3.1
Bows           | 1 2 3 |  3.1
Crossbows      | 1 2 3 |  3.1
Throwing       | 1 2 3 |  3.1
Dodging        | 1 2 3 |  3.1
Stealth        | 1 2 3 |  3.1
Unarmed Combat | 1 2 3 |  3.1
Spellcasting   | 1 2 3 |  3.1
Evocations     | 1 2 3 |  3.1
Conjurations   | 1 2 |  2.5
Hexes          | 1 2 |  2.5
Charms         | 1 2 |  2.5
Summonings     | 1 2 |  2.5
Necromancy     | 1 2 |  2.5
Translocations | 1 2 |  2.5
Transmutations | 1 2 |  2.5
Fire Magic     | 1 2 |  2.5
Ice Magic      | 1 2 |  2.5
Air Magic      | 1 2 |  2.5
Earth Magic    | 1 2 |  2.5
Poison Magic   | 1 2 |  2.5
Maces & Flails | 5 |  5.6
Fighting       | 7 |  7.3
Armour         | 7 |  7.3
Shields        | 7 |  7.3

Action                   |  1- 3 |  4- 6 |  7- 9 || total
-------------------------+-------+-------+-------++-------
Melee: Flail             |   109 |    27 |       ||   136
       Bite              |     9 |    12 |    35 ||    56
       Whip              |       |    63 |   192 ||   255
  Use: Scroll            |       |       |     3 ||     3
       Potion            |       |       |     3 ||     3
  Eat: Ration            |       |     2 |     2 ||     4
Armor: Scale mail        |    48 |    33 |    69 ||   150
Dodge: Dodged            |    26 |    27 |    69 ||   122
Block: Shield            |    72 |    49 |    81 ||   202
